 Dungeon Crawl Stone Soup version 0.30.1-3-gfc49f6343a (webtiles) character file.

Game seed: 14707474944611002869

1224 booth the Trooper (level 8, 0/65 HPs)
             Began as a Demonspawn Monk on Aug 9, 2023.
             Slain by an ogre
             ... wielding a +0 giant club
              (21 damage)
             ... on level 5 of the Dungeon.
             The game lasted 00:30:28 (6147 turns).

booth the Trooper (Demonspawn Monk)                 Turns: 6147, Time: 00:30:29

Health: 0/65       AC: 12    Str: 13    XL:     8   Next: 23%
Magic:  8/8        EV: 14    Int: 17    God:
Gold:   351        SH:  0    Dex: 17    Spells: 7/7 levels left

rFire   . . .        a - +0 hand axe
rCold   . . .        d - orb {light}
rNeg    . . .        j - +0 leather armour
rPois   .            o - +0 helmet
rElec   .            u - +0 cloak
rCorr   .            f - +0 pair of gloves
SInv    .            (no boots)
Will    .....        g - amulet of the acrobat
Stlth   +            l - +6 ring of intelligence
HPRegen 0.30/turn    t - +4 ring of protection
MPRegen 0.11/turn

%: acrobat
@: glowing, studying Staves
A: claws 2, yellow scales 1, demonic guardian 3
a: no special abilities


You were on level 5 of the Dungeon.
You visited 1 branch of the dungeon, and saw 5 of its levels.
You also visited: Ossuary.

You collected 351 gold pieces.

Inventory:

Hand Weapons
 a - a +0 hand axe (weapon)
Armour
 d - an orb of light (worn)
 f - a +0 pair of gloves (worn)
 j - a +0 leather armour (worn)
 o - a +0 helmet (worn)
 u - a +0 cloak (worn)
 y - a +0 ring mail
Jewellery
 e - an amulet of magic regeneration
 g - an amulet of the acrobat (around neck)
 l - a +6 ring of intelligence (left hand)
 m - a ring of magical power
 t - a +4 ring of protection (right hand)
Wands
 p - a wand of quicksilver (9)
Scrolls
 h - 3 scrolls of immolation
 i - 4 scrolls of teleportation
 r - a scroll of enchant armour {unknown}
 s - a scroll of enchant weapon {unknown}
 v - 2 scrolls of silence
 x - a scroll of amnesia
Potions
 c - a potion of ambrosia
 k - 2 potions of heal wounds
 n - 2 potions of brilliance {unknown}
 q - a potion of resistance
 w - 2 potions of mutation
 z - a potion of flight


   Skills:
 + Level 6.4 Fighting
 + Level 5.8 Axes
 + Level 5.8 Dodging


You had 7 spell levels left.
You didn't know any spells.
Your spell library contained the following spells:

 Spells                   Type           Power      Damage    Failure   Level
 Kiss of Death            Conj/Necr      0%         2d5       30%         1
 Confusing Touch          Hex            0%         N/A       65%         3
 Dispel Undead            Necr           0%         3d6       96%         4


Dungeon Overview and Level Annotations

Branches:
Dungeon (5/15)            Ossuary (visited)
 Temple: D:4-7

Altars:
Kikubaaqudgha
Okawaru
Xom
Yredelemnul


Innate Abilities, Weirdness & Mutations

You have very sharp fingernails.
You are partially covered in yellow scales. (AC +2)
A powerful demonic guardian rushes to your aid.


Message History

Found 19 gold pieces.
You hit the ogre.
The ogre is lightly wounded.
The ogre hits you with a +0 giant club!
You hit the ogre but do no damage.
The ogre is lightly wounded.
The ogre barely misses you.
You slash the ogre!
The ogre is moderately wounded.
You hit the ogre but do no damage.
The ogre is moderately wounded.
The ogre closely misses you.
You hit the ogre.
The ogre is heavily wounded.
The ogre misses you.
You hit the ogre.
The ogre is heavily wounded.
You hit the ogre but do no damage.
The ogre is heavily wounded.
The ogre barely misses you.
You hit the ogre.
The ogre is heavily wounded.
The ogre barely misses you.
You hit the ogre but do no damage.
The ogre is heavily wounded.
You hit the ogre.
The ogre is severely wounded.
The ogre hits you with a +0 giant club!!
You hit the ogre.
The ogre is severely wounded.
The ogre closely misses you.
You hit the ogre.
The ogre is severely wounded.
You hit the ogre.
The ogre is almost dead.
The ogre hits you with a +0 giant club!!
You hit the ogre but do no damage.
The ogre is almost dead.
The ogre hits you with a +0 giant club!!
You die...

#......#.....#...................
#......#.....############........
#......####'###...#.....#........
#.............#.$.#.....########+
#.............#...#..............
#.............#...#..............
#.............#...###...##.......
#.............##O####...##.......
#.............#.@..#.....#.......
#.............#....#.....#.......
#.............#....#.....#.......
#............[.....#.....#.......
#..................#.....#.......
#######.......≈~≈........#.......
.#....#......≈≈~≈≈.......#.......
.'....#......~~♣~~.......#.......
.#....#......≈≈~≈≈.......#.......


You could see an ogre.

Vanquished Creatures
  3 ogres
  4 scorpions
  2 human zombies (Ossuary)
  A hound (D:5)
  A jelly (D:4)
  Jessica (D:3)
  Ijyb (D:3)
  A mummy (Ossuary)
  Robin (D:2)
  A gnoll (D:1)
  4 adders
  An ufetubus (D:5)
  An adder zombie (Ossuary)
  2 worms
  2 dart slugs
  4 orcs
  11 ball pythons
  3 endoplasms (D:1)
  8 giant cockroaches
  15 goblins
  17 hobgoblins
  10 quokkas
  2 bats
  3 frilled lizards
  5 goblin zombies
  11 hobgoblin zombies
  A kobold (D:3)
  7 kobold zombies (Ossuary)
  8 orc zombies (Ossuary)
  7 rats
  A rat zombie (Ossuary)
139 creatures vanquished.

Vanquished Creatures (collateral kills)
  A water moccasin (D:5)
  2 elf zombies (Ossuary)
  A sleepcap (D:5)
  2 iguanas (D:4)
  A mummy (Ossuary)
  An adder (D:2)
  2 kobold zombies (Ossuary)
10 creatures vanquished.

Grand Total: 149 creatures vanquished

Notes
Turn   | Place    | Note
-------+----------+-------------------------------------------
     0 | D:1      | booth the Demonspawn Monk began the quest for the Orb.
     0 | D:1      | Reached XP level 1. HP: 18/18 MP: 1/1
   120 | D:1      | Gained mutation: You have sharp fingernails. [demonic
                  | ancestry]
   120 | D:1      | Reached XP level 2. HP: 17/24 MP: 2/2
   384 | D:1      | Found a faded altar of an unknown god.
   397 | D:1      | Gained mutation: A weak demonic guardian rushes to your
                  | aid. [demonic ancestry]
   397 | D:1      | Reached XP level 3. HP: 28/29 MP: 3/3
  1470 | D:2      | Noticed Robin
  1490 | D:2      | Killed Robin
  1491 | D:2      | Reached XP level 4. HP: 21/37 MP: 4/4
  1836 | D:2      | Found an ancient bone altar of Kikubaaqudgha.
  2177 | D:3      | Noticed Ijyb
  2190 | D:3      | Killed Ijyb
  2191 | D:3      | Reached skill level 4 in Fighting
  2242 | D:3      | Found a shimmering altar of Xom.
  2428 | D:3      | Noticed Jessica
  2438 | D:3      | Killed Jessica
  2439 | D:3      | Gained mutation: A demonic guardian rushes to your aid.
                  | [demonic ancestry]
  2439 | D:3      | Reached XP level 5. HP: 39/42 MP: 5/5
  3101 | D:4      | Found an iron altar of Okawaru.
  3377 | D:4      | Found a sand-covered staircase.
  3399 | Ossuary  | Entered an ossuary
  3707 | Ossuary  | Gained mutation: You have very sharp fingernails. [demonic
                  | ancestry]
  3707 | Ossuary  | Reached XP level 6. HP: 48/49 MP: 6/6
  3827 | Ossuary  | Reached skill level 5 in Fighting
  4014 | D:4      | Gained mutation: A powerful demonic guardian rushes to your
                  | aid. [demonic ancestry]
  4014 | D:4      | Reached XP level 7. HP: 33/56 MP: 7/7
  4386 | D:4      | Reached skill level 5 in Dodging
  4412 | D:4      | Reached skill level 5 in Axes
  4782 | D:5      | Entered Level 5 of the Dungeon
  4981 | D:5      | Reached skill level 6 in Fighting
  5263 | D:5      | Gained mutation: You are partially covered in yellow
                  | scales. (AC +2) [demonic ancestry]
  5263 | D:5      | Reached XP level 8. HP: 13/64 MP: 8/8
  5269 | D:5      | HP: 3/64 [poisoned by a scorpion]
  5493 | D:5      | Found a basalt altar of Yredelemnul.
  6147 | D:5      | Slain by an ogre

Illustrated notes

Levels and vault maps discovered:
D:1:      beargit_arrival_greenhouse, layout_basic, basic_ecumenical_altar,
          serial_forest, infiniplex_forest_zigzag_1,
          infiniplex_forest_clump_cross, infiniplex_forest_clump_curved,
          infiniplex_forest_straight_3, infiniplex_forest_straight_2,
          infiniplex_forest_clump_medium, infiniplex_forest_split,
          infiniplex_forest_clump_small
D:2:      layout_loops_corners, basic_altar, uniq_robin
D:3:      layout_basic, amcnicky_altar_gilded, corexii_hall_statues_s,
          uniq_jessica, uniq_ijyb
D:4:      layout_cave_pools, mainiacjoe_overflow_concentric_impassable,
          serial_bayou, serial_bayou_pond_b, serial_bayou_shore_b,
          serial_bayou_shore_b, serial_bayou_ford_a, serial_bayou_crossing,
          enter_ossuary_3
D:5:      layout_gridville, kennysheep_mini, elyvilon_altar_3,
          gup_sewer_entry_glass

Skill      XL: |  1  2  3  4  5  6  7 |
---------------+----------------------+-----
Axes           | 3 4 5 |  5.8
Dodging        | 3 4 5 |  5.8
Fighting       | 4 5 6 |  6.4

Action                     |  1- 3 |  4- 6 |  7- 9 || total
---------------------------+-------+-------+-------++-------
  Melee: Hand axe          |   114 |   345 |   160 ||   619
    Use: Scroll            |     2 |     4 |     2 ||     8
         Potion            |       |     4 |     1 ||     5
 Armour: Robe              |    25 |    26 |       ||    51
         Leather armour    |       |    63 |    48 ||   111
  Dodge: Dodged            |    79 |   185 |   142 ||   406
